 Dungeon Crawl Stone Soup version 0.27.1-2-g3b301248ec (webtiles) character file.

Game seed: 11299239086043156435

408 worthlessgem the Magician (level 7, -9/49 HPs)
             Began as a Djinni Warper on Sept 23, 2021.
             Mangled by an ogre (15 damage)
             ... on level 5 of the Dungeon.
             The game lasted 00:31:25 (7513 turns).

worthlessgem the Magician (Djinni Warper)           Turns: 7513, Time: 00:31:26

Health: -9/49      AC:  6    Str: 10    XL:     7   Next: 13%
Gold:   144        EV: 11    Int: 17    God:
                   SH:  0    Dex: 12

rFire    + + .     SeeInvis .   a - +0 falchion
rCold    x . .     Faith    .   (no shield)
rNeg     . . .     Spirit   .   b - +0 leather armour
rPois    ∞         Reflect  .   (no helmet)
rElec    .         Harm     .   (no cloak)
rCorr    .         Rampage  .   p - +2 pair of gloves
Will     .....                  (boots unavailable)
Stlth    ++........             (no amulet)
HPRegen  0.16/turn              (no ring)
MPRegen  0.00/turn              (no ring)

@: flying
A: sickness immunity, fire resistance 2, cold vulnerability 1, float, innate
caster, hp casting, extra vitality 1
a: no special abilities


You were on level 5 of the Dungeon.
You visited 2 branches of the dungeon, and saw 6 of its levels.

You collected 144 gold pieces.

Inventory:

Hand Weapons
 a - a +0 falchion (weapon)
 w - a +0 hunting sling
Missiles
 d - 5 boomerangs of dispersal
 g - 66 stones
 k - 6 curare-tipped darts
Armour
 b - a +0 leather armour (worn)
 p - a +2 pair of gloves (worn)
Jewellery
 j - a +6 ring of dexterity
Wands
 n - a wand of acid (6)
Scrolls
 c - a scroll of blinking
 f - 5 scrolls of identify {unknown}
 h - a scroll of teleportation {unknown}
 i - a scroll of noise {unknown}
 l - a scroll of torment {unknown}
 m - a scroll of holy word {unknown}
 o - a scroll of summoning {unknown}
Potions
 e - 2 potions of might


   Skills:
 + Level 2.4 Fighting
 * Level 2.5 Long Blades
 - Level 0.7 Throwing
 - Level 1.0 Armour
 - Level 2.1 Dodging
 - Level 2.0 Stealth
 - Level 5.1 Spellcasting


You couldn't memorise any spells.
You knew the following spells:

 Your Spells              Type           Power      Damage    Failure   Level
a - Blink                 Tloc           N/A        N/A       3%          2
b - Lesser Beckoning      Tloc           10%        N/A       7%          3
c - Gell's Gravitas       Tloc           10%        N/A       7%          3
d - Teleport Other        Tloc           21%        N/A       7%          3
e - Manifold Assault      Tloc           21%        N/A       54%         5
f - Freeze                Ice            84%        1d10      2%          1
g - Corpse Rot            Necr/Air       N/A        N/A       3%          2
h - Swiftness             Air            21%        N/A       7%          3
Your spell library was empty.

Dungeon Overview and Level Annotations

Branches:
Dungeon (5/15)             Temple (1/1) D:4

Altars:
Elyvilon
Hepliaklqana
Kikubaaqudgha
Okawaru
Qazlal
Ru
Sif Muna
Wu Jian
Xom
Yredelemnul
Zin
The Shining One

Annotations:
D:4 Dowan, Duvessa, Edmund, Eustachio, Menkaure, Sigmund


Innate Abilities, Weirdness & Mutations

You are immune to sickness and miasma.
You are immune to poison.
Your flesh is very heat resistant. (rF++)
You are vulnerable to cold. (rC-)
You float through the air rather than walking.
You learn spells naturally, not from books.
Your magical power is your life essence.
You have superior vitality. (+4 HP)


Message History

Aiming: Freeze (safe; 2% risk of failure)
Press: ? - help, Shift-Dir - straight line, f/p - ogre
Aim: an ogre, wielding a +0 giant spiked club (moderately wounded)
You freeze the ogre.
The ogre is moderately wounded.
The ogre barely misses you.
Casting: Freeze (safe; 2% risk of failure)
Confirm with . or Enter, or press ? or * to list all spells.
Aiming: Freeze (safe; 2% risk of failure)
Press: ? - help, Shift-Dir - straight line, f/p - ogre
Aim: an ogre, wielding a +0 giant spiked club (moderately wounded)
You freeze the ogre.
The ogre is moderately wounded.
The ogre barely misses you.
Casting: Freeze (safe; 2% risk of failure)
Confirm with . or Enter, or press ? or * to list all spells.
Aiming: Freeze (safe; 2% risk of failure)
Press: ? - help, Shift-Dir - straight line, f/p - ogre
Aim: an ogre, wielding a +0 giant spiked club (moderately wounded)
You freeze the ogre.
The ogre is heavily wounded.
Casting: Freeze (safe; 2% risk of failure)
Confirm with . or Enter, or press ? or * to list all spells.
Aiming: Freeze (safe; 2% risk of failure)
Press: ? - help, Shift-Dir - straight line, f/p - ogre
Aim: an ogre, wielding a +0 giant spiked club (heavily wounded)
You freeze the ogre.
The ogre is severely wounded.
The ogre hits you with a +0 giant spiked club!!
* * * LOW HITPOINT WARNING * * *
Casting: Freeze (safe; 2% risk of failure)
Confirm with . or Enter, or press ? or * to list all spells.
Aiming: Freeze (safe; 2% risk of failure)
Press: ? - help, Shift-Dir - straight line, f/p - ogre
Aim: an ogre, wielding a +0 giant spiked club (severely wounded)
You freeze the ogre.
The ogre is almost dead.
* * * LOW HITPOINT WARNING * * *
The ogre hits you with a +0 giant spiked club!
You die...

### ####.#
#@##.############.
##O..##.##....#..
##.............#
###.............#
#..........(....##
...................#
...................#
........#.......)..#
#..#...###.........#


You could see an ogre.

Vanquished Creatures
  An ogre (D:5)
  Blork the orc (D:4)
  A hound (D:4)
  A bullfrog skeleton (D:4)
  Ijyb (D:4)
  An iguana (D:4)
  An orc wizard (D:3)
  A hound skeleton (D:4)
  2 adders (D:2)
  An ufetubus (D:4)
  2 dart slugs
  8 orcs
  4 ball pythons
  8 endoplasms
  3 giant cockroaches
  7 goblins
  5 hobgoblins
  4 jackals (D:3)
  3 quokkas
  5 bats
  2 frilled lizards
  7 kobolds
  5 rats
74 creatures vanquished.

Vanquished Creatures (others)
  2 plants (D:4)
2 creatures vanquished.

Grand Total: 76 creatures vanquished

Notes
Turn   | Place    | Note
-------+----------+-------------------------------------------
     0 | D:1      | worthlessgem the Djinni Warper began the quest for the Orb.
     0 | D:1      | Reached XP level 1. HP: 18/18 MP: 0/0
   204 | D:1      | Found a faded altar of an unknown god.
   620 | D:2      | Reached skill level 1 in Stealth
   620 | D:2      | Reached XP level 2. HP: 21/23 MP: 0/0
  1210 | D:2      | Reached XP level 3. HP: 28/28 MP: 0/0
  1210 | D:2      | Learned a level 1 spell: Freeze
  2394 | D:2      | Reached skill level 3 in Spellcasting
  2394 | D:2      | Reached XP level 4. HP: 29/33 MP: 0/0
  3001 | D:3      | Found a hazy altar of Hepliaklqana.
  3335 | D:3      | Reached XP level 5. HP: 32/38 MP: 0/0
  3335 | D:3      | Learned a level 2 spell: Corpse Rot
  3709 | D:4      | Noticed Blork the orc
  3935 | D:5      | Entered Level 5 of the Dungeon
  3999 | D:5      | Noticed an ogre
  4000 | D:5      | Found an ornate altar of the Wu Jian Council.
  4019 | D:5      | Killed an ogre
  4020 | D:5      | Reached skill level 4 in Spellcasting
  4020 | D:5      | Reached XP level 6. HP: 23/43 MP: 0/0
  4171 | D:4      | Killed Blork the orc
  4343 | D:4      | Noticed Ijyb
  4521 | D:4      | Killed Ijyb
  4757 | D:4      | Noticed Menkaure
  4857 | D:4      | Reached skill level 5 in Spellcasting
  5909 | D:4      | Noticed Dowan
  5927 | D:4      | Noticed Duvessa
  5941 | D:4      | Found a stormy altar of Qazlal.
  6347 | D:4      | Noticed Edmund
  6383 | D:4      | Reached XP level 7. HP: 36/49 MP: 0/0
  6383 | D:4      | Learned a level 3 spell: Swiftness
  6587 | D:4      | Found a staircase to the Ecumenical Temple.
  6595 | Temple   | Entered the Ecumenical Temple
  7161 | D:4      | Noticed Eustachio
  7191 | D:4      | Noticed Sigmund
  7513 | D:5      | Mangled by an ogre

Illustrated notes

Levels and vault maps discovered:
D:1:      psy_arrival_heroes, layout_rooms, basic_ecumenical_altar,
          chequers_garden
D:2:      layout_basic, serial_bayou_pond_a, minmay_tromino_v2
D:3:      layout_loops_ring, lemuel_coloured_pillars_altar,
          mainiacjoe_overflow_cross_hatched
D:4:      layout_basic, nicolae_qazlal_eye_of_the_storm,
          minmay_temple_entry_wispy, minmay_misc_feat_diagonals, minivault_11,
          kennysheep_cross_bottleneck, minmay_misc_feat_more_columns,
          sigmund_edmund_badplayer, uniq_ijyb, uniq_duvessa, uniq_blork_the_orc,
          uniq_edmund, uniq_eustachio, uniq_menkaure
D:5:      layout_layer_cave, pdpol_wu_jian_five_deadly_venoms, kennysheep_mini,
          mainiacjoe_overflow_chevrons, fountainhead
Temple:   compressed_dpeg_triangle_lava_temple

Skill      XL: |  1  2  3  4  5  6 |
---------------+-------------------+-----
Stealth        | 1 2 |  2.0
Spellcasting   | 3 4 5 |  5.1
Long Blades    | 2 |  2.5
Fighting       | |  2.4
Throwing       | |  0.7
Armour         | |  1.0
Dodging        | |  2.1

Action                   |  1- 3 |  4- 6 |  7- 9 || total
-------------------------+-------+-------+-------++-------
Melee: Hand axe          |    58 |       |       ||    58
       Falchion          |     3 |    40 |    11 ||    54
 Fire: Hunting sling     |    26 |    92 |       ||   118
Throw: Stone             |    12 |       |       ||    12
 Cast: Freeze            |    18 |    35 |     9 ||    62
       Blink             |     4 |     1 |     1 ||     6
       Corpse Rot        |       |     5 |     1 ||     6
       Teleport Other    |       |    15 |     6 ||    21
Armor: Leather armour    |    20 |    20 |     6 ||    46
Dodge: Dodged            |    40 |    66 |     8 ||   114
       Rpst.: Falchion   |     1 |    10 |     1 ||    12
